 Dungeon Crawl Stone Soup version 0.30.1 (webtiles) character file.

Game seed: 10526493231576215418

353 Graphine the Shooter (level 6, -9/73 HPs)
             Began as a Formicid Hunter on July 9, 2023.
             Killed by divine providence
             ... invoked by an orc priest
              (16 damage)
             ... on level 4 of the Dungeon.
             The game lasted 00:06:21 (2953 turns).

Graphine the Shooter (Formicid Hunter)              Turns: 2953, Time: 00:06:22

Health: -9/73      AC: 23    Str: 16    XL:     6   Next: 94%
Magic:  6/6        EV:  2    Int:  8    God:
Gold:   219        SH:  0    Dex: 19    Spells: 5/5 levels left

rFire   + . .        a - +1 shortbow
rCold   + . .        (no shield)
rNeg    . . .        c - melded +1 leather armour
rPois   +            (helmet unavailable)
rElec   +            (cloak currently unavailable)
rCorr   +            (gloves currently unavailable)
SInv    .            (boots currently unavailable)
Will    .....        (no amulet)
Stlth   ++           (no ring)
HPRegen 0.32/turn    (no ring)
MPRegen 0.10/turn

%: no passive effects
@: tree-form (expiring), resistant
A: stationary, stasis, torment immunity, boosted hp, permanent stasis, dig
shafts and tunnels, (antennae 3), four strong arms
a: no special abilities


You were on level 4 of the Dungeon.
You were a tree.
You visited 1 branch of the dungeon, and saw 4 of its levels.

You collected 219 gold pieces.

Inventory:

Hand Weapons
 a - a +1 shortbow (weapon)
Armour
 c - a +1 leather armour (melded)
Wands
 o - a wand of flame (17)
Scrolls
 b - a scroll of immolation
 h - 3 scrolls of identify {unknown}
 i - a scroll of teleportation
 n - a scroll of poison {unknown}
Potions
 l - a potion of invisibility {unknown}
 m - a potion of berserk rage {unknown}


   Skills:
 + Level 4.6 Fighting
 + Level 5.5 Ranged Weapons
 + Level 3.7 Dodging
 - Level 1.2 Stealth


You had 5 spell levels left.
You didn't know any spells.
Your spell library contained the following spells:

 Spells                   Type           Power      Damage    Failure   Level
 Call Canine Familiar     Summ           0%         N/A       78%         3
 Portal Projectile        Hex/Tloc       0%         N/A       78%         3
 Leda's Liquefaction      Hex/Erth       0%         N/A       99%         4
 Blade Hands              Tmut           0%         N/A       100%        5
 Irradiate                Conj/Tmut      0%         3d11      100%        5
 Dragon Form              Tmut           0%         N/A       100%        7


Dungeon Overview and Level Annotations

Branches:
Dungeon (4/15)
 Temple: D:4-7

Altars:
Dithmenos
Vehumet

Shops:
D:3 *

Annotations:
D:4 Edmund


Innate Abilities, Weirdness & Mutations

You are a tree.
Your roots penetrate the ground, keeping you stationary.
You cannot be teleported.
You are immune to unholy pain and torment.
Your maximum health is greatly increased.
Your equipment is partially melded.
You cannot be hasted, slowed, berserked, paralysed or teleported.
You can dig through walls and to a lower floor.
((You have a pair of large antennae on your head. (SInv)))
Your four strong arms can wield two-handed weapons with a shield.


Message History

The arrow hits Edmund but does no damage.
Edmund is almost dead.
Your transformation is almost over.
Edmund hits you but does no damage.
You shoot an arrow.
The arrow hits Edmund but does no damage.
Edmund is almost dead.
Edmund hits you with a +1 dire flail of holy wrath!
The goblin hits you but does no damage.
The orc priest mumbles some strange prayers to Beogh against you.
Beogh smites you!
* * * LOW HITPOINT WARNING * * *
You are too injured to fight recklessly!
You are too injured to fight recklessly!
You are too injured to fight recklessly!
You are too injured to fight recklessly!
Fire: a) +1 shortbow
Press: ? - help, Q - select action, (/) - cycle Shift-Dir - straight line, f/p - Edmund
Aim: Edmund, wielding a +1 dire flail of holy wrath and wearing a +0 chain mail (almost dead, 72% to hit)
You shoot an arrow. The arrow barely misses Edmund.
The arrow barely misses the orc.
The arrow barely misses the orc.
A goblin comes into view. It is wielding a +0 dagger.
Edmund hits you but does no damage. The goblin hits you with a +0 dagger.
* * * LOW HITPOINT WARNING * * *
The goblin hits you but does no damage.
The orc priest calls down the wrath of Beogh upon you.
Beogh smites you!
* * * LOW HITPOINT WARNING * * *
Edmund hits you but does no damage.
The goblin shouts!
Fire: a) +1 shortbow
Press: ? - help, Q - select action, (/) - cycle Shift-Dir - straight line, f/p - Edmund
Aim: Edmund, wielding a +1 dire flail of holy wrath and wearing a +0 chain mail (almost dead, 72% to hit)
You shoot an arrow. The arrow barely misses Edmund.
The arrow hits the orc.
The orc is severely wounded.
The goblin hits you but does no damage.
The orc priest invokes the aid of Beogh against you.
Beogh smites you!
You die...

o§§...§.#...
§§§§§..##...
#§§§.§#
#...######.
#####og.#
#...<......
#....)..#
#.J.#######
#....o### #...
#....o######...
#...g@....##...
####.♣....##$..
#......###.#
#......# #.
#.##......#
#..)......#
#####....##
####.######
#......######
##.....##...#


You could see Edmund, an orc priest, 2 orcs and 2 goblins.

Vanquished Creatures
  A phantom (D:4)
  A scorpion (D:3)
  A jelly (D:4)
  2 orc priests (D:4)
  An orc wizard (D:4)
  4 adders (D:3)
  A worm (D:2)
  A dart slug (D:2)
  6 orcs
  2 endoplasms (D:3)
  A giant cockroach (D:3)
  12 goblins
  5 hobgoblins
  2 jackals (D:2)
  6 kobolds
  2 quokkas
  8 ball pythons
  5 bats
  A frilled lizard (D:3)
  4 rats
66 creatures vanquished.

Notes
Turn   | Place    | Note
-------+----------+-------------------------------------------
     0 | D:1      | Graphine the Formicid Hunter began the quest for the Orb.
     0 | D:1      | Reached XP level 1. HP: 16/16 MP: 1/1
   273 | D:1      | Reached XP level 2. HP: 23/23 MP: 2/2
  1037 | D:2      | Found a faded altar of an unknown god.
  1206 | D:2      | Reached XP level 3. HP: 28/28 MP: 3/3
  1578 | D:3      | Reached XP level 4. HP: 21/35 MP: 4/4
  1961 | D:3      | Found Xenihes's Assorted Antiques.
  2055 | D:3      | Found a radiant altar of Vehumet.
  2205 | D:4      | Noticed a scorpion
  2217 | D:3      | Killed a scorpion
  2218 | D:3      | Reached XP level 5. HP: 19/42 MP: 5/5
  2497 | D:4      | Reached skill level 5 in Ranged Weapons
  2529 | D:4      | Reached XP level 6. HP: 43/48 MP: 6/6
  2902 | D:4      | Found a shadowy altar of Dithmenos.
  2904 | D:4      | Noticed Edmund
  2953 | D:4      | Killed from afar by an orc priest

Illustrated notes

Levels and vault maps discovered:
D:1:      lightli_molten_gateway, layout_loops_corners
D:2:      layout_basic, basic_ecumenical_altar
D:3:      minmay_recursive_quarters, layout_rooms, vehumet_altar_wand_db,
          serial_shops, shop
D:4:      layout_basic, nicolae_dithmenos_the_darkroom, amethyst_killhole,
          kennysheep_potato, uniq_menkaure, uniq_edmund, uniq_duvessa

Skill      XL: |  1  2  3  4  5 |
---------------+----------------+-----
Dodging        | 2 3 |  3.7
Fighting       | 3 4 |  4.6
Ranged Weapons | 5 |  5.5
Stealth        | |  1.2

Action                     |  1- 3 |  4- 6 || total
---------------------------+-------+-------++-------
   Fire: Shortbow          |    80 |   206 ||   286
Ability: Dig               |     2 |       ||     2
    Use: Scroll            |     3 |     2 ||     5
         Potion            |       |     5 ||     5
 Armour: Leather armour    |     9 |    25 ||    34
         Skin              |       |    17 ||    17
  Dodge: Dodged            |    19 |    56 ||    75
